 Dungeon Crawl Stone Soup version 0.30-a0-359-gd0147acb1a (webtiles) character file.

Game seed: 10077160870744807389

46 mcwallace the Firebug (level 3, -3/23 HPs)
             Began as an Octopode Fire Elementalist on Nov 13, 2022.
             Killed from afar by Sigmund (8 damage)
             ... with a puff of flame
             ... on level 2 of the Dungeon.
             The game lasted 00:03:49 (1717 turns).

mcwallace the Firebug (Octopode Fire Elementalist)  Turns: 1717, Time: 00:03:49

Health: -3/23      AC:  1    Str:  7    XL:     3   Next: 66%
Magic:  6/6        EV: 13    Int: 19    God:
Gold:   25         SH:  0    Dex: 12    Spells: 3/6 levels left

rFire   . . .      SeeInvis .    f - +0 dagger {short}
rCold   . . .      Faith    .    (no shield)
rNeg    . . .      Spirit   .    (helmet restricted)
rPois   .          Reflect  .    (no amulet)
rElec   .          Harm     .    (no ring)
rCorr   .          Rampage  .    (no ring)
Will    .....                    (no ring)
Stlth   ++........               (no ring)
HPRegen 0.23/turn                (no ring)
MPRegen 0.10/turn                (no ring)
                                 (no ring)
                                 (no ring)

@: confused
A: almost no armour, amphibious, 8 rings, camouflage 1, gelatinous body 1,
(nimble swimmer 1), tentacles
a: no special abilities


You were on level 2 of the Dungeon.
You visited 1 branch of the dungeon, and saw 2 of its levels.

You collected 25 gold pieces.


Innate Abilities, Weirdness & Mutations

You cannot wear most types of armour.
You are amphibious.
You can wear up to eight rings at the same time.
Your skin changes colour to match your surroundings (Stealth+).
Your rubbery body absorbs attacks. (AC +1, EV +1)
((You are camouflaged when in or above water. (Stealth+)))
You have tentacles for arms and can constrict up to eight enemies at once.


   Skills:
 + Level 1.2 Fighting
 + Level 2.4 Dodging
 - Level 2.6 Stealth
 + Level 2.3 Spellcasting
 + Level 1.6 Conjurations
 + Level 3.3 Fire Magic


You had 3 spell levels left.
You knew the following spells:

 Your Spells              Type           Power      Damage    Failure   Level
a - Foxfire               Conj/Fire      44%        2x1d6     6%          1
b - Scorch                Fire           30%        2d6       6%          2

Your spell library contained the following spells:

 Spells                   Type           Power      Damage    Failure   Level
 Inner Flame              Hex/Fire       8%         N/A       24%         3
 Kindle Blastsparks       Fire/Tloc/Air  12%        2d11      30%         3
 Gell's Gravitas          Tloc           2%         N/A       43%         3
 Teleport Other           Tloc           2%         N/A       43%         3
 Flame Wave               Conj/Fire      11%        2d6       50%         4
 Dispersal                Tloc           1%         N/A       100%        6

Inventory:

Hand Weapons
 e - a +0 club {mace}
   (You took it off a goblin on level 1 of the Dungeon)
 f - a +0 dagger (weapon) {short}
   (You took it off a goblin on level 1 of the Dungeon)
Missiles
 b - 8 poisoned darts {throwing}
 i - 30 stones {throwing}
Armour
 m - a +1 hat
   (You found it on level 2 of the Dungeon)
Scrolls
 c - a scroll of noise {unknown}
 h - 2 scrolls of teleportation {unknown}
 j - a scroll of identify {unknown}
 k - a scroll of poison {unknown}
 l - a scroll of magic mapping {unknown}
Potions
 d - a potion of invisibility {unknown}
 g - a potion of might {unknown}

Dungeon Overview and Level Annotations

Branches:
Dungeon (2/15) Zot: 10283

Altars:

Shops:
D:1 *

Annotations:
D:2 Sigmund

#..........# #......#
#..###.#####.. #.#
#..#.........# # ##.##
#..#.#.####### # #...#
#..^....# # #...#
#..@....# # #...#
#..#.#... #
#####...#####.@#.#..##
###.........[ยง#..#.##.#
...........ยงยง......#
..
.##...........#..##..#
.######...#####.## ># .#
#...# #.. .. .# #...#
#### # .######...#
.......#.########


You could see Sigmund.


Message History

You lost 1 mp, and now have 5/6 mp.
Casting: Foxfire (safe; 6% risk of failure)
Press: ? - help, Q - select action, (/) - cycle Dir - look around, f - activate You conjure some foxfire! ๐Ÿ˜Ž MP[-1]
You lost 1 mp, and now have 4/6 mp.
Casting: Foxfire (safe; 6% risk of failure)
Press: ? - help, Q - select action, (/) - cycle Dir - look around, f - activate You conjure some foxfire!
The foxfire hits the ball python.
The ball python hisses angrily.
A ball python is nearby! ๐Ÿ˜Ž MP[-1]
You lost 1 mp, and now have 3/6 mp.
Unknown command.
Sigmund the Dreaded comes into view.
He is wielding a +0 scythe and carrying a wand of flame (23).
The foxfire hits the ball python.
You kill the ball python!
Things that are here:
a +0 sling; a +0 dagger {short} ๐Ÿ˜Ž MP[+1]
Things that are here:
a +0 sling; a +0 dagger {short} ๐Ÿ˜Ž MP[+2]
Your mp is fully restored (6).
Found a stone staircase leading down.
Casting: Foxfire (safe; 6% risk of failure)
Press: ? - help, Q - select action, (/) - cycle Dir - look around, f - activate You conjure some foxfire! ๐Ÿ˜Ž MP[-1]
You lost 1 mp, and now have 5/6 mp.
Casting: Foxfire (safe; 6% risk of failure)
Press: ? - help, Q - select action, (/) - cycle Dir - look around, f - activate You conjure some foxfire! ๐Ÿ˜Ž MP[-1]
You lost 1 mp, and now have 4/6 mp.
Casting: Foxfire (safe; 6% risk of failure)
Press: ? - help, Q - select action, (/) - cycle Dir - look around, f - activate You conjure some foxfire!
The foxfire hits Sigmund.
Sigmund shouts!
Sigmund zaps a wand.
The puff of flame misses you. The puff of flame hits your foxfire.
Your foxfire completely resists. ๐Ÿ˜Ž MP[-1]
You lost 1 mp, and now have 3/6 mp.
Casting: Foxfire (safe; 6% risk of failure)
Press: ? - help, Q - select action, (/) - cycle Dir - look around, f - activate You conjure some foxfire!
The foxfire hits Sigmund. ๐Ÿ˜Ž MP[-1]
You lost 1 mp, and now have 2/6 mp.
Casting: Foxfire (safe; 6% risk of failure)
Press: ? - help, Q - select action, (/) - cycle Dir - look around, f - activate You conjure some foxfire!
The foxfire hits Sigmund.
The foxfire hits Sigmund but does no damage.
The foxfire hits Sigmund.
Sigmund enters a dispersal trap!
Your foxfire blinks! x4
You blink.
Sigmund blinks! ๐Ÿ˜Ž MP[-1]
You lost 1 mp, and now have 1/6 mp. ๐Ÿ˜Ž MP[+1] Sigmund zaps a wand.
The puff of flame hits you! ๐Ÿ˜ฎ HP[-8]
You take 8 damage, and now have 15/23 hp.
MASSIVE DAMAGE!! (PAUSE) ๐Ÿ˜ฎ HP[+1] ๐Ÿ˜ฎ MP[+1] ๐Ÿ˜ฎ HP[+1]
Casting: Foxfire (safe; 6% risk of failure)
Confirm with . or Enter, or press ? or * to list all spells.
Flames lash Sigmund.
Sigmund's fire resistance burns away. ๐Ÿ˜ฎ MP[-2]
You lost 2 mp, and now have 1/6 mp.
Magic courses through your body.
Sigmund points at you and mumbles some strange words.
You are confused. ๐Ÿ˜ฎ MP[+5]
Your mp is fully restored (6).
You're too confused to cast spells.
Sigmund points at you and mumbles some strange words.
The magic dart hits you. ๐Ÿ˜ฎ HP[-5]
You take 5 damage, and now have 12/23 hp.
MASSIVE DAMAGE!! (PAUSE) Sigmund casts a spell at you.
The puff of flame hits you!
* * * LOW HITPOINT WARNING * * *
๐Ÿ˜ฑ HP[-8]
You take 8 damage, and now have 4/23 hp.
MASSIVE DAMAGE!! (PAUSE) Sigmund is no longer more vulnerable to fire.
Sigmund completely misses you. ๐Ÿ˜ฑ HP[+1] Sigmund zaps a wand.
The puff of flame hits you!
You die...

Skill      XL: |  1  2  3 |
---------------+----------+-----
Fighting       | 1 |  1.2
Dodging        | |  2.4
Stealth        | |  2.6
Spellcasting   | |  2.3
Conjurations   | |  1.6
Fire Magic     | |  3.3

Action                   || total
-------------------------++-------
Melee: Unarmed           ||     8
       Constrict         ||     5
       Tentacles         ||     5
       Dagger            ||    20
 Cast: Foxfire           ||    66
       Scorch            ||     1
  Use: Potion            ||     1
 Stab: Sleeping          ||     5
Armor: Skin              ||     3
Dodge: Dodged            ||    33

Levels and vault maps discovered:
D:1:      minmay_arrival_cross, layout_loops_ring, serial_shops, shop,
          minmay_misc_feat_hallway
D:2:      layout_loops_cross, st_stairs_7, uniq_sigmund

Notes
Turn   | Place    | Note
-------+----------+-------------------------------------------
     0 | D:1      | mcwallace the Octopode Fire Elementalist began the quest
                  | for the Orb.
     0 | D:1      | Reached XP level 1. HP: 11/11 MP: 3/3
     0 | D:1      | magus.rc [v1.9.6]
   188 | D:1      | Found Giqon's Assorted Antiques.
   194 | D:1      | Reached XP level 2. HP: 18/18 MP: 1/5
   720 | D:1      | Reached XP level 3. HP: 22/22 MP: 6/6
   720 | D:1      | >>oooo
   744 | D:1      | Reached skill level 1 in Fighting
   959 | D:1      | You add the spells Gell's Gravitas, Teleport Other and
                  | Dispersal to your library.
   988 | D:2      | Learned a level 2 spell: Scorch
  1647 | D:2      | Noticed Sigmund
  1714 | D:2      | HP: 4/23 [Sigmund/puff of flame (8)]
  1717 | D:2      | Killed from afar by Sigmund

Vanquished Creatures
  A worm (D:2)
  A dart slug (D:1)
  5 endoplasms
  4 giant cockroaches
  5 goblins
  3 hobgoblins
  4 kobolds (D:1)
  A quokka (D:1)
  3 ball pythons
  A bat (D:1)
  4 frilled lizards
  5 rats
37 creatures vanquished.

Vanquished Creatures (others)
  103 foxfires
103 creatures vanquished.

Grand Total: 140 creatures vanquished

Table legend:
 A = Non-vault XP
 B = Vault XP
 C = Vault XP percentage of total XP
 D = Non-vault monster count
 E = Vault monster count
 F = Vault count percentage of total count
                 A         B        C        D         E       F
            +---------+---------+-------+---------+---------+-------
      Total |      62 |       4 |   6.1 |      35 |       2 |   5.4
            +---------+---------+-------+---------+---------+-------
        D:1 |      40 |       0 |   0.0 |      24 |       0 |   0.0
        D:2 |      22 |       4 |  15.4 |      11 |       2 |  15.4
            +---------+---------+-------+---------+---------+-------

Illustrated notes

### #.. #.# #.#
#.# #.#
###############@#
#...............#
#.###############
#.# #.# #.# #.# #
#.# # #.# ##


Turn 720 on D:1: oooo

Table legend:
 A = Kills in this place as a percentage of kills in entire the game.
 B = Kills by you in this place as a percentage of kills by you in the entire game.
 C = Kills by friends in this place as a percentage of kills by friends in the entire game.
 D = Other kills in this place as a percentage of other kills in the entire game.
 E = Experience gained in this place as a percentage of experience gained in the entire game.
 F = Experience gained in this place divided by the number of levels of this place that you have seen.
                   A       B       C       D       E      F
               +-------+-------+-------+-------+-------+----------------------
         Total | 100.0 | 100.0 |   N/A |   N/A | 100.0 |  33.0
       Dungeon | 100.0 | 100.0 |   N/A |   N/A | 100.0 |  33.0
               +-------+-------+-------+-------+-------+----------------------

Table legend: (Time is in decaauts)
 A = Elapsed time spent in this place.
 B = Non-inter-level travel time spent in this place.
 C = Inter-level travel time spent in this place.
 D = Time resting spent in this place.
 E = Time spent auto-exploring this place.
 F = Levels seen in this place.
 G = Mean time per level.
                   A        B        C        D        E       F      G
               +--------+--------+--------+--------+--------+-----+--------+
         Total |   1715 |   1705 |     10 |      0 |   1427 |   2 |  857.5 |
       Dungeon |   1715 |   1705 |     10 |      0 |   1427 |   2 |  857.5 |
               +--------+--------+--------+--------+--------+-----+--------+

Top non-repeatable levels by time:
     D:1: 982 daAuts
     D:2: 733 daAuts
